 Dungeon Crawl Stone Soup version 0.22.1-1-ga44c0e56f4 (webtiles) character file.

466 KleinerIrrer the Ruffian (level 7, -5/41 HPs)
             Began as a Gargoyle Fighter on Oct 28, 2018.
             Was an Initiate of Okawaru.
             Killed by divine providence
             ... invoked by an orc priest
              (11 damage)
             ... on level 5 of the Dungeon.
             The game lasted 00:08:34 (4839 turns).

KleinerIrrer the Ruffian (Gargoyle Fighter)         Turns: 4839, Time: 00:08:34

Health: -5/41      AC: 22    Str: 20    XL:     7   Next: 8%
Magic:  7/7        EV:  5    Int: 10    God:    Okawaru [......]
Gold:   228        SH:  9    Dex:  9    Spells: 6/6 levels left

rFire    + . .     SeeInvis .     - Unarmed
rCold    . . .     Gourm    .   b - +0 shield
rNeg     + . .     Faith    .   m - +0 chain mail
rPois    ∞         Spirit   .   s - +3 helmet of Emifuydu {rF+}
rElec    +         Reflect  .   u - +0 cloak
rCorr    .         Harm     .   (no gloves)
MR       .....                  t - +2 pair of boots
Stlth    ..........             (no amulet)
HPRegen  0.13/turn              (no ring)
MPRegen  0.10/turn              (no ring)

@: no status effects
A: negative energy resistance 1, electricity resistance, unbreathing,
petrification resistance, rot immunity, AC +4
a: Renounce Religion


You were on level 5 of the Dungeon.
You worshipped Okawaru.
Okawaru was noncommittal.
You were not hungry.

You visited 1 branch of the dungeon, and saw 5 of its levels.

You collected 228 gold pieces.

Inventory:

Missiles
 n - 14 poisoned needles
Armour
 b - a +0 shield (worn)
 m - a +0 chain mail (worn)
 s - the +3 helmet of Emifuydu (worn) {rF+}
   (You found it on level 4 of the Dungeon)

   It protects you from fire.
 t - a +2 pair of boots (worn)
 u - a +0 cloak (worn)
Wands
 v - a wand of polymorph (13)
Scrolls
 e - a scroll of immolation {unknown}
 g - a scroll of teleportation {unknown}
 i - a scroll of enchant armour {unknown}
 j - a scroll of random uselessness {unknown}
 k - a scroll of magic mapping {unknown}
 l - a scroll of fog {unknown}
 o - 2 scrolls of enchant weapon {unknown}
 p - a scroll of noise {unknown}
 r - a scroll of remove curse {unknown}
Potions
 a - a potion of berserk rage {unknown}
 c - a potion of might
 f - a potion of curing {unknown}
 h - a potion of magic {unknown}
Comestibles
 d - 7 rations
 q - 3 chunks of flesh


   Skills:
 - Level 3.2 Fighting
 - Level 3.2 Armour
 - Level 3.2 Shields
 + Level 7.3 Unarmed Combat
 * Level 1.1 Invocations


You had 6 spell levels left.
You didn't know any spells.
Your spell library was empty.

Dungeon Overview and Level Annotations

Branches:
Dungeon (5/15)             Temple (0/1) D:4

Altars:
Ashenzari
Gozag
Okawaru
Trog
Yredelemnul
Zin


Innate Abilities, Weirdness & Mutations

You are resistant to torment.
Your stone body is resilient. (AC +4)
You are immune to poison.
You resist negative energy. (rN+)
You are resistant to electric shocks. (rElec)
You can survive without breathing.
You are immune to petrification.
You are immune to rotting.


Message History

The orc priest shouts!
You hear a shout! x2
An orc wizard comes into view. It is wielding a dagger.
An orc comes into view. It is wielding a whip.
The orc shouts!
The orc wizard shouts!
An orc priest comes into view. It is wielding a trident.
An orc comes into view. It is wielding a falchion.
The orc barely misses you. You block the orc's attack.
The orc priest mumbles some strange prayers to Beogh against you.
Beogh smites you!
The orc priest invokes the aid of Beogh against you.
Beogh smites you!
The orc wizard mumbles some strange words.
The orc wizard seems to speed up.
The orc priest mumbles some strange prayers to Beogh against you.
Beogh smites you!
* * * LOW HITPOINT WARNING * * *
The orc priest invokes the aid of Beogh against you.
Beogh smites you!
You die...

#..#.#
#.#.o###.#
#........# +#
####o#########.#
#o.o.o.o.##.#
########.##.##
#.#...##
#o.....#
##@#...##
##.#.#.##
##.###..#######.
#.## ##.........
######..########
#.#.#.#
#...#.#####
###)......#
#.#.###.#


You could see an orc priest and an orc.

Vanquished Creatures
  Blork the orc (D:4)
  A howler monkey (D:4)
  A crimson imp (D:2)
  An orc priest (D:4)
  A hound (D:4)
  2 worker ants (D:4)
  A hound skeleton (D:4)
  3 gnolls (D:2)
  7 adders
  2 oozes (D:3)
  3 worms (D:2)
  A dart slug (D:2)
  3 leopard geckos
  12 orcs
  3 bats
  7 giant cockroaches
  8 goblins
  5 hobgoblins
  3 jackals (D:2)
  6 quokkas
  3 ball pythons
  4 frilled lizards
  4 kobolds
  A quokka skeleton (D:4)
  10 rats
93 creatures vanquished.

Notes
Turn   | Place    | Note
-------+----------+-------------------------------------------
     0 | D:1      | KleinerIrrer the Gargoyle Fighter began the quest for the
                  | Orb.
     0 | D:1      | Reached XP level 1. HP: 14/14 MP: 1/1
   583 | D:1      | Reached XP level 2. HP: 16/19 MP: 2/2
   867 | D:2      | Reached skill level 3 in Unarmed Combat
   943 | D:2      | Reached XP level 3. HP: 15/23 MP: 3/3
  1627 | D:2      | Reached skill level 4 in Unarmed Combat
  1627 | D:2      | Reached XP level 4. HP: 27/28 MP: 4/4
  2100 | D:2      | Found a basalt altar of Yredelemnul.
  2249 | D:2      | Found an iron altar of Okawaru.
  2350 | D:2      | Reached skill level 5 in Unarmed Combat
  2350 | D:2      | Reached XP level 5. HP: 32/32 MP: 5/5
  3147 | D:2      | Became a worshipper of Warmaster Okawaru
  3731 | D:4      | Found an opulent altar of Gozag.
  3801 | D:4      | Reached skill level 6 in Unarmed Combat
  3801 | D:4      | Reached XP level 6. HP: 29/37 MP: 6/6
  3870 | D:4      | Found a glowing silver altar of Zin.
  3870 | D:4      | Found a bloodstained altar of Trog.
  3933 | D:4      | Found a staircase to the Ecumenical Temple.
  3979 | D:4      | Got a scorched helmet
  3991 | D:4      | Identified the +3 helmet of Emifuydu {rF+} (You found it on
                  | level 4 of the Dungeon)
  4062 | D:4      | Noticed Blork the orc
  4087 | D:4      | Killed Blork the orc
  4328 | D:4      | Found a shattered altar of Ashenzari.
  4387 | D:4      | Reached skill level 7 in Unarmed Combat
  4434 | D:4      | Reached skill level 1 in Invocations
  4434 | D:4      | Reached XP level 7. HP: 41/41 MP: 7/7
  4779 | D:5      | Entered Level 5 of the Dungeon
  4839 | D:5      | Killed from afar by an orc priest

Skill      XL: |  1  2  3  4  5  6 |
---------------+-------------------+-----
Unarmed Combat | 3 4 5 6 7 |  7.3
Invocations    | 1 |  1.1
Fighting       | |  3.2
Armour         | |  3.2
Shields        | |  3.2

Action                   |  1- 3 |  4- 6 |  7- 9 || total
-------------------------+-------+-------+-------++-------
Melee: Unarmed           |   268 |   291 |    47 ||   606
  Eat: Chunk             |     2 |    10 |     1 ||    13
Armor: Scale mail        |   118 |    88 |       ||   206
       Chain mail        |       |    41 |    21 ||    62
Dodge: Dodged            |    62 |    53 |    10 ||   125
Block: Shield            |    97 |   113 |    26 ||   236
